 Dungeon Crawl Stone Soup version 0.18-a0-921-g28655ce (webtiles) character file.

100234 George the Fencer (level 15, -7/139 HPs)
             Began as a Minotaur Gladiator on Dec 27, 2015.
             Was the Champion of Okawaru.
             Killed from afar by Nikola (22 damage)
             ... with a chain lightning
             ... on level 1 of the Spider Nest.
             The game lasted 01:20:20 (30780 turns).

George the Fencer (Minotaur Gladiator)             Turns: 30780, Time: 01:20:21

Health: -7/139     AC: 28    Str: 22    XL:     15   Next: 80%
Magic:  22/22      EV: 15    Int:  7    God:    Okawaru [******]
Gold:   3348       SH:  0    Dex: 17    Spells: 1 memorised, 13 levels left

rFire  . . .     SeeInvis .     K - +1 great sword (vamp)
rCold  + . .     Gourm    +     s - +2 plate armour {MR+}
rNeg   . . .     Faith    .     (shield currently unavailable)
rPois  +         Spirit   .     M - +2 hat
rElec  .         Dismiss  .     e - +0 cloak {rPois}
rCorr  .         Reflect  .     l - +2 pair of gloves
SustAt .         Harm     .     J - +1 pair of boots "Aface" {Dex+2}
MR     ++...                    U - amulet of the gourmand
Stlth  ..........               T - +6 ring of slaying
                                X - ring of the Scarab {rPois rC+ Str-4 Int+2}

@: very resistant to hostile enchantments, extremely unstealthy
A: retaliatory headbutt, horns 2, agile 1, strong 1
a: Heroism, Finesse, Renounce Religion


You were on level 1 of the Spider Nest.
You worshipped Okawaru.
Okawaru was exalted by your worship.
You were completely stuffed.

You visited 5 branches of the dungeon, and saw 27 of its levels.
You also visited: Ice Cave.

You collected 3348 gold pieces.

Inventory:

Hand Weapons
 z - the +7 falchion of True Grit {elec, rPois rC+ Dex+2}
   (Okawaru gifted it to you on level 1 of the Lair of Beasts)

   Occasionally, upon striking a foe, it will discharge some electrical energy
   and cause terrible harm.
   It affects your dexterity (+2).
   It protects you from cold.
   It protects you from poison.
 C - a +1 demon blade of flaming
 K - a +1 vampiric great sword (weapon)
 O - a +0 great sword of holy wrath
Missiles
 d - a throwing net
 o - 7 javelins of penetration
 A - 4 poisoned javelins
 I - 12 javelins (quivered)
Armour
 e - a +0 cloak of poison resistance (worn)
 l - a +2 pair of gloves (worn)
 s - a +2 plate armour of magic resistance (worn)
 J - the +1 pair of boots "Aface" (worn) {Dex+2}
   (Okawaru gifted it to you on level 8 of the Lair of Beasts)

   It affects your dexterity (+2).
 M - a +2 hat (worn)
Jewellery
 g - an uncursed ring of positive energy
 N - an uncursed ring of protection from fire
 T - a +6 ring of slaying (right hand)
 U - an amulet of the gourmand (around neck)
 V - an uncursed ring of see invisible
 X - the ring of the Scarab (left hand) {rPois rC+ Str-4 Int+2}
   (You found it in an ice cave)

   [ring of poison resistance]

   It affects your strength (-4).
   It affects your intelligence (+2).
   It protects you from cold.
   It protects you from poison.
Wands
 y - a wand of fireball (6/15)
 D - a wand of disintegration (18/24)
 F - a wand of fireball (9/15)
Scrolls
 a - 2 scrolls of enchant armour
 c - 2 scrolls of magic mapping
 k - a scroll of brand weapon
 w - 5 scrolls of silence
 x - 6 scrolls of recharging
 E - a scroll of acquirement
 G - 3 scrolls of blinking
 H - 4 scrolls of teleportation
 Q - 3 scrolls of fog
 W - 2 scrolls of enchant weapon
 Y - 5 scrolls of fear
 Z - 6 scrolls of remove curse
Potions
 h - 4 potions of haste
 i - 2 potions of cure mutation
 j - 2 potions of heal wounds
 n - 2 potions of berserk rage
 r - 5 potions of resistance
 t - 2 potions of cancellation
 u - 5 potions of curing
 B - 2 potions of flight
 L - 2 potions of invisibility
 P - 3 potions of might
 S - 5 potions of agility
Miscellaneous
 q - a fan of gales
Comestibles
 b - 2 chunks of flesh
 f - 10 bread rations
 m - 8 slices of pizza
 p - 10 meat rations
 v - 11 beef jerkies
 R - 16 fruits


   Skills:
 + Level 14.5 Fighting
 + Level 18.2 Long Blades
 - Level 2.0 Throwing
 + Level 14.3 Armour
 + Level 13.3 Dodging
 - Level 11.2 Invocations


You had 13 spell levels left.
You knew the following spells:

 Your Spells              Type           Power        Failure   Level  Hunger
a - Summon Butterflies    Summ           #.......     100%        1    ##.....


Dungeon Overview and Level Annotations

Branches:
Dungeon (15/15)            Temple (1/1) D:4            Lair (8/8) D:10
 Shoals (0/4) Lair:5       Spider (1/4) Lair:4        Slime (0/6) Lair:7
    Orc (2/2) D:10            Elf (0/3) Orc:2        Vaults (0/5) D:13
 Depths (0/5) D:15

Altars:
Ashenzari
Cheibriados
Dithmenos
Elyvilon
Fedhas
Gozag
Kikubaaqudgha
Makhleb
Nemelex Xobeh
Okawaru
Pakellas
Qazlal
Ru
Sif Muna
Trog
Vehumet
Xom
Yredelemnul
Zin
The Shining One

Shops:
D:8 %   D:15 *   Orc:2 (!**

Annotations:
Lair:3 exclusion: oklob plant
Spider:1 Nikola


Innate Abilities, Weirdness & Mutations

You reflexively headbutt those who attack you in melee.
You have a pair of horns on your head.
You are agile. (Dex +2)
Your muscles are strong. (Str +2)


Message History

You slice the moth of wrath!!
You feel better.
You headbutt the moth of wrath!
You kill the moth of wrath!
Okawaru accepts your kill.
You slash Nikola! Your headbutt misses Nikola.
Nikola is moderately wounded.
Nikola gestures wildly while chanting.
You hear a mighty clap of thunder!
The lightning arc hits you!
* * * LOW HITPOINT WARNING * * *
The lightning arc grounds out.
You hear an angry hiss.
A wolf spider comes into view.
Drink which item? (? for menu, Esc to quit)
You feel much better.
Nikola casts a spell.
You hear a mighty clap of thunder!
The lightning arc hits you!
* * * LOW HITPOINT WARNING * * *
The lightning arc hits Nikola.
The lightning arc hits you!
You die...

.........>.............
............^...........
...........#............
#.......................
............/...........
........................
.....................
.....................
......[@.............
........@............
..............#......
.....(...............
....(...(.^.........#
#...................
.....^.((.s.....
...............


You could see Nikola and a wolf spider.

Vanquished Creatures
  Gastronok (D:9)
  Agnes (D:14)
  Kirke (Lair:5)
  The ghost of nublet the Bludgeoner, a journeyman OgBe of Trog (D:15)
  Nessos (D:15)
  3 ice dragons
  A yaktaur captain (D:15)
  An entropy weaver (Spider:1)
  A centaur warrior (D:15)
  8 hydras
  Erica (D:9)
  5 ogre magi
  The ghost of furman the Destroyer, a novice DrCj of Vehumet (D:11)
  3 death yaks (Lair:8)
  Urug (D:15)
  A queen ant (Lair:8)
  Nergalle (Lair:3)
  5 slime creatures
  A shadow wraith (D:13)
  2 unseen horrors
  9 hill giants
  Pikel (D:8)
  An orc knight (Orc:1)
  A wolf spider (Spider:1)
  8 ugly things
  A hornet (Spider:1)
  A harpy (shapeshifter) (D:13)
  A manticore (D:15)
  A necromancer (D:13)
  3 deep elf magi
  A cyclops (D:13)
  4 centaur zombies
  A moth of wrath (Spider:1)
  13 elephants
  Joseph (D:9)
  A black mamba (Lair:3)
  7 centaur skeletons
  2 ice statues (IceCv)
  3 gargoyles
  17 spiny frogs
  An efreet (D:15)
  A yaktaur (D:15)
  7 komodo dragons
  A fire drake (Lair:3)
  3 freezing wraiths (D:15)
  11 two-headed ogres
  A polar bear (Lair:7)
  4 giant leeches
  3 jumping spiders
  7 trolls
  A trapdoor spider zombie (D:11)
  Prince Ribbit (D:6)
  14 blink frogs
  A centaur simulacrum (D:15)
  A tarantella (Spider:1)
  A vampire (D:15)
  Sigmund (D:4)
  4 redbacks
  A human (D:8)
  A trapdoor spider (Spider:1)
  54 yaks
  3 wraiths
  3 wyverns
  6 basilisks
  A hungry ghost (D:10)
  2 hogs
  Edmund (D:4)
  8 vampire mosquitoes
  8 wolves
  14 hippogriffs
  A mottled dragon (D:14)
  8 soldier ants (Lair:8)
  8 porcupines
  11 water moccasins
  2 sky beasts
  An eye of draining (shapeshifter) (D:13)
  40 ogres
  22 orc warriors
  A black bear (D:6)
  A slave (D:8)
  23 ice beasts
  3 centaurs
  2 necrophages
  2 wasps
  7 phantoms
  11 crocodiles
  A big kobold (D:14)
  A gnoll sergeant (D:9)
  26 giant frogs
  3 scorpions
  12 wights
  9 killer bees
  8 electric eels
  2 giant frog zombies
  5 crimson imps
  12 orc priests
  8 jellies
  7 hounds
  A gnoll shaman (D:5)
  A giant frog skeleton (D:9)
  8 iguanas
  29 orc wizards
  A killer bee zombie (D:8)
  33 worker ants
  31 sheep
  2 worker ant zombies
  Robin (D:4)
  55 river rats
  12 adders
  12 gnolls
  4 shadow imps
  2 adder skeletons
  3 oozes
  An adder zombie (D:6)
  3 worms (D:2)
  6 giant geckos
  141 orcs
  A ball python (D:2)
  5 bats
  11 hobgoblins
  13 kobolds
  6 quokkas
  A giant cockroach (D:3)
  A giant gecko skeleton (D:6)
  6 giant newts
  17 goblins
  14 jackals
  A jackal skeleton (D:9)
  2 quokka zombies
  10 rats
953 creatures vanquished.

Vanquished Creatures (others)
  3 slaves (D:9)
  A giant frog (D:9)
  A giant frog zombie (D:9)
  A gnoll (D:9)
  3 orcs (D:9)
  6 fungi
  10 plants
25 creatures vanquished.

Grand Total: 978 creatures vanquished

Notes
Turn   | Place    | Note
--------------------------------------------------------------
     0 | D:1      | George the Minotaur Gladiator began the quest for the Orb.
     0 | D:1      | Reached XP level 1. HP: 18/18 MP: 0/0
    10 | D:1      | Noticed an electric eel
    87 | D:1      | Reached skill level 4 in Long Blades
   163 | D:1      | Reached XP level 2. HP: 25/25 MP: 1/1
   449 | D:2      | Reached skill level 5 in Long Blades
   493 | D:2      | Reached XP level 3. HP: 27/30 MP: 2/2
   599 | D:2      | Found a burning altar of Makhleb.
   795 | D:1      | Reached skill level 6 in Long Blades
   795 | D:1      | Reached XP level 4. HP: 27/37 MP: 3/3
  1456 | D:2      | Found a bloodstained altar of Trog.
  1703 | D:3      | Reached XP level 5. HP: 30/42 MP: 4/4
  1824 | D:3      | Reached skill level 7 in Long Blades
  1870 | D:3      | HP: 2/42 [kobold (3)]
  2159 | D:3      | Reached skill level 8 in Long Blades
  2159 | D:3      | Reached XP level 6. HP: 16/50 MP: 5/5
  2532 | D:3      | Found a shadowy altar of Dithmenos.
  2602 | D:3      | Found a sacrificial altar of Ru.
  3441 | D:4      | Found a staircase to the Ecumenical Temple.
  3451 | Temple   | Entered the Ecumenical Temple
  3643 | D:4      | Reached skill level 9 in Long Blades
  3773 | D:4      | Noticed Edmund
  3788 | D:4      | Killed Edmund
  3788 | D:4      | Reached skill level 10 in Long Blades
  3788 | D:4      | Reached XP level 7. HP: 29/56 MP: 6/6
  3933 | D:4      | Found a radiant altar of Vehumet.
  3988 | D:4      | Noticed Robin
  4001 | D:4      | Killed Robin
  4145 | D:4      | Noticed Sigmund
  4160 | D:4      | Killed Sigmund
  4354 | D:4      | Reached skill level 11 in Long Blades
  4611 | D:4      | Reached XP level 8. HP: 62/62 MP: 7/7
  4879 | D:5      | Entered Level 5 of the Dungeon
  4938 | D:5      | Reached skill level 12 in Long Blades
  5557 | D:6      | Found an iron altar of Okawaru.
  5563 | D:6      | Became a worshipper of Warmaster Okawaru
  5590 | D:6      | Noticed Prince Ribbit
  5602 | D:6      | Killed Prince Ribbit
  5602 | D:6      | Reached skill level 1 in Armour
  5602 | D:6      | Reached skill level 1 in Invocations
  5790 | D:6      | Found a shimmering altar of Xom.
  5810 | D:6      | Found a shimmering altar of Xom.
  5810 | D:6      | Found a shimmering altar of Xom.
  5810 | D:6      | Found a shimmering altar of Xom.
  5812 | D:6      | Found a shimmering altar of Xom.
  5813 | D:6      | Found a shimmering altar of Xom.
  5825 | D:6      | Reached * piety under Okawaru
  6320 | D:6      | Reached XP level 9. HP: 71/71 MP: 9/9
  6822 | D:7      | Reached skill level 13 in Long Blades
  7582 | D:7      | Reached ** piety under Okawaru
  7634 | D:7      | Found a blossoming altar of Fedhas.
  7879 | D:8      | Reached skill level 5 in Fighting
  7889 | D:8      | Reached skill level 5 in Dodging
  8101 | D:8      | Found Oppirgha's Food Shoppe.
  8866 | D:9      | Noticed Pikel
  8866 | D:9      | Noticed Joseph
  9039 | D:8      | Killed Pikel
  9039 | D:8      | Reached *** piety under Okawaru
  9039 | D:8      | Reached skill level 5 in Armour
  9039 | D:8      | Reached XP level 10. HP: 76/83 MP: 10/12
  9070 | D:9      | Killed Joseph
  9070 | D:9      | Received a gift from Okawaru
  9130 | D:9      | Noticed Erica
  9135 | D:9      | Noticed Gastronok
  9157 | D:9      | Killed Gastronok
  9157 | D:9      | Reached **** piety under Okawaru
  9157 | D:9      | Reached skill level 14 in Long Blades
  9157 | D:9      | Reached skill level 5 in Invocations
  9745 | D:9      | Found an opulent altar of Gozag.
 10160 | D:9      | Reached ***** piety under Okawaru
 10257 | D:9      | Killed Erica
 10257 | D:9      | Reached XP level 11. HP: 74/94 MP: 14/14
 10419 | D:10     | Entered Level 10 of the Dungeon
 10468 | D:10     | Found a staircase to the Lair.
 10746 | D:10     | Found a staircase to the Orcish Mines.
 11166 | D:11     | Received a gift from Okawaru
 11367 | D:11     | Noticed furman's ghost (novice DrCj)
 11378 | D:11     | HP: 2/95 [battlesphere[furman's ghost] (10)]
 11386 | D:11     | Killed furman's ghost
 11720 | D:11     | Noticed a hill giant
 11731 | D:11     | Killed a hill giant
 11864 | D:11     | Noticed a hill giant
 11870 | D:11     | Killed a hill giant
 11993 | D:11     | Received a gift from Okawaru
 12324 | D:11     | Noticed a hill giant
 12334 | D:11     | Killed a hill giant
 12879 | D:11     | Reached skill level 15 in Long Blades
 13031 | D:11     | Received a gift from Okawaru
 13058 | D:11     | Noticed a hill giant
 13067 | D:11     | Killed a hill giant
 13067 | D:11     | Reached XP level 12. HP: 86/105 MP: 16/16
 13274 | Lair:1   | Entered Level 1 of the Lair of Beasts
 14137 | Lair:1   | Reached skill level 10 in Fighting
 14147 | Lair:1   | Received a gift from Okawaru
 14148 | Lair:1   | Got a jewelled falchion {god gift}
 14149 | Lair:1   | Identified the +7 falchion of True Grit {elec, rPois rC+ Dex+2} (Okawaru gifted it to you on level 1 of the Lair of Beasts)
 15843 | Lair:3   | Noticed Nergalle
 15869 | Lair:3   | Killed Nergalle
 15869 | Lair:3   | Reached skill level 10 in Armour
 15998 | Lair:3   | Reached skill level 10 in Dodging
 16033 | Lair:3   | Noticed a five-headed hydra
 16051 | Lair:3   | Killed a one-headed hydra
 16051 | Lair:3   | Received a gift from Okawaru
 16688 | Lair:4   | Reached XP level 13. HP: 111/115 MP: 18/18
 17249 | Lair:4   | Reached skill level 16 in Long Blades
 17261 | Lair:4   | Found a hole to the Spider Nest.
 18270 | Lair:5   | Found a staircase to the Shoals.
 18468 | Lair:5   | Received a gift from Okawaru
 18922 | Lair:5   | Gained mutation: Your muscles are strong. (Str +2) [potion of beneficial mutation]
 19201 | Lair:6   | Identified a scroll of acquirement
 19226 | Lair:6   | Gained mutation: You are agile. (Dex +2) [potion of beneficial mutation]
 19273 | Lair:6   | Received a gift from Okawaru
 19281 | Lair:6   | Noticed Kirke
 19298 | Lair:5   | Killed Kirke
 19981 | Lair:7   | Found a staircase to the Slime Pits.
 20005 | Lair:7   | Received a gift from Okawaru
 20672 | Lair:8   | Entered Level 8 of the Lair of Beasts
 20717 | Lair:7   | Received a gift from Okawaru
 21322 | Lair:7   | Reached skill level 10 in Invocations
 21341 | Lair:7   | Reached XP level 14. HP: 35/126 MP: 8/20
 22108 | Lair:8   | Reached ****** piety under Okawaru
 23207 | Lair:8   | Received a gift from Okawaru
 23208 | Lair:8   | Got a pair of dazzling boots {god gift}
 23219 | Lair:8   | Identified the +1 pair of boots "Aface" {Dex+2} (Okawaru gifted it to you on level 8 of the Lair of Beasts)
 23452 | Lair:8   | Identified a +5 rod of shadows (11/11) (You found it on level 8 of the Lair of Beasts)
 23653 | Orc:1    | Entered Level 1 of the Orcish Mines
 23712 | Orc:2    | Entered Level 2 of the Orcish Mines
 23726 | Orc:2    | Found Nisuxt's Distillery.
 23727 | Orc:2    | Found Umulatat's General Store.
 23748 | Orc:2    | Reached skill level 17 in Long Blades
 24146 | Orc:2    | Found Heewn's Assorted Antiques.
 24146 | Orc:2    | Found Buypt's Weapon Shop.
 24437 | Orc:2    | Found a staircase to the Elven Halls.
 25961 | D:12     | Received a gift from Okawaru
 26607 | D:13     | Reached XP level 15. HP: 129/136 MP: 13/22
 26736 | D:13     | Found a gate to the Vaults.
 27299 | D:14     | Noticed Agnes
 27322 | D:14     | Killed Agnes
 27747 | D:14     | Received a gift from Okawaru
 28365 | D:14     | Learned a level 1 spell: Summon Butterflies
 28464 | D:15     | Entered Level 15 of the Dungeon
 28517 | D:15     | Found Icwilaq's General Store.
 28634 | D:15     | Found a frozen archway.
 28648 | IceCv    | Entered an ice cave
 28987 | IceCv    | Got a slimy copper ring
 28989 | IceCv    | Identified the ring of the Scarab {rPois rC+ Str-4 Int+2} (You found it in an ice cave)
 29434 | D:15     | Noticed nublet's ghost (journeyman OgBe)
 29436 | D:15     | Noticed Nessos
 29455 | D:15     | Killed nublet's ghost
 29473 | D:15     | Killed Nessos
 29473 | D:15     | Reached skill level 18 in Long Blades
 29789 | D:15     | Noticed Urug
 29796 | D:15     | Killed Urug
 30433 | D:15     | Found a staircase to the Depths.
 30613 | Spider:1 | Entered Level 1 of the Spider Nest
 30710 | Spider:1 | Got a distressingly furry scale mail
 30723 | Spider:1 | Identified the +1 scale mail of Gayro {Dex+6} (You found it on level 1 of the Spider Nest)
 30770 | Spider:1 | Noticed Nikola
 30780 | Spider:1 | Killed from afar by Nikola

Vault maps used:
D:1:      arrival_aquarium_a
D:2:      marbit_many_paths, lemuel_coloured_pillars_altar, serial_glass,
          glass_columns_b, glass_columns_a, glass_columns_a, glass_columns_c,
          glass_columns_a
D:3:      nicolae_ru_great_annihilating_truth, serial_co_window_serial,
          co_window_of_opportunity_a, co_window_paths_a, co_window_corner_a,
          co_window_of_opportunity_a, co_window_corner_a, co_window_corner_b,
          co_window_2corner, co_window_cross_3, co_window_of_opportunity_b,
          first_bread, minivault_5, grunt_dithmenos_smoke
D:4:      lemuel_crystal_altar, minmay_temple_entry_purple_smoke, uniq_robin,
          uniq_edmund, uniq_sigmund
D:6:      nicolae_overflow_crystal_walls, xom_redecorated, uniq_prince_ribbit1
D:7:      kennysheep_little_box
D:8:      minmay_goldmine, serial_shops, kennysheep_mini_moat, grunt_livestock
D:9:      grunt_gozag_statues, uniq_erica, uniq_pikel, uniq_joseph,
          uniq_gastronok
D:10:     david_lair_generic, orc_0_dummy
D:11:     kennysheep_nub
D:12:     feat_on_display
D:13:     david_vaults_4
D:14:     minmay_crystal_room, uniq_agnes
D:15:     grunt_enter_depths_snipers, portal_ice_cave_entry_horrid_things,
          serial_shops, shop, uniq_urug, uniq_nessos
Temple:   chambers_temple_12
Lair:2:   patterned_corridor, serial_bayou_shore_a
Lair:3:   uniq_nergalle
Lair:4:   spider_nest_entry_funnel_web, serial_bayou, serial_bayou_lagoon_a,
          serial_bayou_ford_a, serial_bayou_lake_a, serial_bayou_pond_e
Lair:5:   elwin_shoals_entry_rocks, infiniplex_staircase_pool
Lair:6:   uniq_kirke
Lair:7:   nicolae_slime_entry_slimehenge, lemuel_fruit_tree
Lair:8:   minmay_lair_end_frog_pond, zaba_antful_of_joy
Spider:1: nicolae_spider_mines_3, uniq_nikola
Orc:2:    st_orc_ogre_mass
IceCv:    ice_cave_small_dragons

Action                   |  1- 3 |  4- 6 |  7- 9 | 10-12 | 13-15 || total
-------------------------+-------+-------+-------+-------+-------++-------
Melee: Long sword        |    80 |   216 |   465 |   101 |       ||   862
       Falchion          |       |       |       |   256 |  1291 ||  1547
       Scimitar          |       |       |       |   172 |    29 ||   201
       Great sword       |       |       |       |   197 |    59 ||   256
       Demon blade       |       |       |       |       |    93 ||    93
Throw: Tomahawk          |       |       |       |    22 |       ||    22
       Throwing net      |       |       |       |     3 |       ||     3
       Javelin           |       |       |       |       |     4 ||     4
Invok: Heroism           |       |       |     2 |     1 |     3 ||     6
       Finesse           |       |       |       |     1 |     3 ||     4
Evoke: Wand              |       |     1 |       |     2 |       ||     3
  Use: Scroll            |     3 |     8 |     8 |     8 |    10 ||    37
       Potion            |       |     1 |       |     1 |     4 ||     6
 Stab: Paralysed         |       |     1 |       |     2 |       ||     3
       Invisible         |       |     1 |       |       |       ||     1
       Held in net/web   |       |       |       |     3 |       ||     3
  Eat: Chunk             |       |     9 |    17 |    24 |    58 ||   108
       Royal jelly       |       |       |       |     1 |     1 ||     2
       Pizza             |       |       |       |       |     1 ||     1
